 Dungeon Crawl Stone Soup version 0.21-a0-437-ge5bf024 (webtiles) character file.

10136 kae the Cleaver (level 11, -5/95 HPs)
             Began as a Hill Orc Fighter on Nov 9, 2017.
             Was a Priest of Qazlal.
             Slain by a two-headed ogre
             ... wielding a +0 giant spiked club
              (16 damage)
             ... on level 10 of the Dungeon.
             The game lasted 00:13:16 (12389 turns).

kae the Cleaver (Hill Orc Fighter)                 Turns: 12389, Time: 00:13:17

Health: -5/95      AC: 18    Str: 23      XL:     11   Next: 57%
Magic:  17/17      EV: 12    Int:  8      God:    Qazlal [***...]
Gold:   160        SH:  3    Dex: 11 (12) Spells: 10/10 levels left

rFire    . . .     SeeInvis .   l - +0 war axe (chop)
rCold    + . .     Gourm    .   (no shield)
rNeg     . . .     Faith    .   s - +0 chain mail {MR+}
rPois    .         Spirit   .   k - -1 helmet
rElec    .         Reflect  .   (no cloak)
rCorr    .         Harm     .   e - +1 pair of gloves
MR       +....     Clarity  +   y - +0 pair of boots (curse)
Stlth    ..........             N - amulet of regeneration
HPRegen  0.65/turn              g - +2 ring of evasion
MPRegen  0.15/turn              F - +3 ring of protection

@: heavily drained
A: thin skeletal structure 1, clarity, cold resistance 1
a: Upheaval, Elemental Force, Renounce Religion


You were on level 10 of the Dungeon.
You worshipped Qazlal.
Qazlal was most pleased with you.
You were hungry.

You visited 3 branches of the dungeon, and saw 12 of its levels.
You also visited: Sewer.

You collected 573 gold pieces.
You spent 413 gold pieces at shops.

Inventory:

Hand Weapons
 a - a +1 war axe
 l - a +0 war axe of chopping (weapon)
Armour
 e - a +1 pair of gloves (worn)
 k - a -1 helmet (worn)
 s - a +0 chain mail of magic resistance (worn)
 y - a cursed +0 pair of boots (worn)
Jewellery
 g - a +2 ring of evasion (left hand)
 h - an uncursed amulet of rage
 j - an uncursed ring of stealth
 v - an uncursed ring of positive energy
 x - an uncursed ring of fire
 C - a +4 ring of slaying {unknown}
 F - a +3 ring of protection (right hand)
 N - an amulet of regeneration (around neck)
Wands
 A - a wand of confusion (28/48)
 G - a wand of acid (3/15)
 O - a wand of flame (14/48)
 Q - a wand of confusion (6/48)
 R - a wand of polymorph (13/24)
Scrolls
 c - a scroll of recharging
 i - 3 scrolls of enchant weapon
 p - 2 scrolls of remove curse
 u - a scroll of enchant armour
 D - a scroll of blinking
 H - a scroll of fog
 J - 2 scrolls of magic mapping
 L - a scroll of brand weapon
 M - 3 scrolls of immolation
Potions
 m - a potion of flight
 o - 2 potions of brilliance
 r - 2 potions of magic
 t - 3 potions of resistance
 w - a potion of mutation
 I - 3 potions of agility
Books
 b - a book of Power

   Spells                             Type                      Level
   a - Iskenderun's Battlesphere      Conjuration/Charms           5
   b - Venom Bolt                     Conjuration/Poison           5
   c - Bolt of Magma                  Conjuration/Fire/Earth       5
   d - Iron Shot                      Conjuration/Earth            6
   e - Orb of Destruction             Conjuration                  7
   f - Spellforged Servitor           Conjuration/Summoning        7
 B - a book of Misfortune

   Spells                             Type                      Level
   a - Confusing Touch                Hexes                        1
   b - Confuse                        Hexes                        3
   c - Gell's Gravitas                Translocation                3
   d - Petrify                        Transmutation/Earth          4
   e - Metabolic Englaciation         Hexes/Ice                    5
   f - Yara's Violent Unravelling     Hexes/Transmutation          5
Comestibles
 d - 2 royal jellies
 f - 2 bread rations
 q - 2 meat rations
 E - 3 chunks of flesh
 K - 33 fruits


   Skills:
 + Level 8.6(7.3) Fighting
 * Level 12.0(10.6) Axes
 * Level 10.5(9.1) Armour
 + Level 5.2(4.0) Dodging
   Level 3.3(2.1) Shields
 * Level 8.6(7.3) Invocations
 + Level 4.6(3.3) Evocations


You had 10 spell levels left.
You didn't know any spells.

Dungeon Overview and Level Annotations

Branches:
Dungeon (10/15)            Temple (1/1) D:6            Lair (1/6) D:8
    Orc: D:9-12

Altars:
Ashenzari
Cheibriados
Dithmenos
Elyvilon
Fedhas
Gozag
Hepliaklqana
Kikubaaqudgha
Makhleb
Nemelex Xobeh
Okawaru
Qazlal
Ru
Sif Muna
Trog
Uskayaw
Vehumet
Wu Jian
Xom
Yredelemnul
Zin
The Shining One

Shops:
D:4 %   D:8 ?

Annotations:
D:3 cirnu's ghost, amateur DsCK
D:10 Josephine


Innate Abilities, Weirdness & Mutations

You have a somewhat thin skeletal structure. (Dex +2, Stealth)
You possess an exceptional clarity of mind.
Your flesh is cold resistant. (rC+)


Message History

* * * LOW HITPOINT WARNING * * *
The two-headed ogre misses you. The centaur warrior barely misses you.
You slash the two-headed ogre!
The two-headed ogre is almost dead.
You completely miss the centaur warrior.
The centaur warrior hits you but does no damage.
The two-headed ogre barely misses you. x2
You slash the two-headed ogre!
The two-headed ogre is almost dead.
You barely miss the wight. You slash the centaur warrior!
The centaur warrior hits you.
* * * LOW HITPOINT WARNING * * *
The wight hits you but does no damage. The centaur warrior hits you.
* * * LOW HITPOINT WARNING * * *
You slash the centaur warrior!
The centaur warrior is severely wounded.
You hit the two-headed ogre but do no damage.
You closely miss the wight.
The two-headed ogre hits you with a giant spiked club!
You die...

....... ........
#............. ...
#............ ...#
##....# #..... .
....###.....# #...# ..
........z...###...# ...
.......@c.........###...
......§§O...............
.......)..[)[†.)))......
........(.(.[.)[<)......
........(##....))[.....#
.........####.........#.
.......... #.........#
.......... ##.......##
...###.... #.#.....#


You could see a centaur warrior, a two-headed ogre and a wight.

Vanquished Creatures
  A two-headed ogre (D:9)
  3 spiny frogs (Lair:1)
  Joseph (D:7)
  Psyche (D:8)
  Grinder (D:6)
  Prince Ribbit (D:8)
  Sigmund (D:6)
  A wraith (D:9)
  6 yaks
  Eustachio (D:5)
  A wyvern (D:9)
  Menkaure (D:5)
  Grum (D:10)
  3 water moccasins
  4 porcupines (D:8)
  An orc warrior (D:10)
  3 sky beasts
  3 black bears
  4 wolves (D:10)
  An ice beast (D:9)
  3 ogres
  A centaur (D:9)
  3 phantoms
  2 crocodiles (D:8)
  6 big kobolds
  Blork the orc (D:5)
  9 bullfrogs
  3 scorpions
  11 wights
  4 howler monkeys
  2 crimson imps
  A quasit (D:9)
  3 hounds (D:8)
  2 jellies
  7 orc priests
  2 centaur skeletons (D:8)
  A gnoll shaman (D:6)
  9 orc wizards
  A bullfrog skeleton (D:6)
  5 iguanas
  4 worker ants
  A killer bee zombie (D:5)
  A hound skeleton (D:4)
  2 howler monkey zombies
  A worker ant zombie (D:10)
  8 gnolls
  A howler monkey skeleton (D:8)
  15 adders
  5 river rats
  A shadow imp (D:6)
  6 oozes
  An adder zombie (D:4)
  9 worms
  A dart slug (D:2)
  5 leopard geckos
  49 orcs
  A ball python (D:4)
  6 giant cockroaches
  6 goblins
  6 hobgoblins
  12 jackals
  11 kobolds
  7 quokkas
  7 bats
  3 frilled lizards
  A leopard gecko zombie (D:7)
  14 rats
  11 fungi
  5 plants (D:8)
315 creatures vanquished.

Vanquished Creatures (others)
  26 fungi (D:8)
  8 plants (D:8)
34 creatures vanquished.

Grand Total: 349 creatures vanquished

Notes
Turn   | Place    | Note
-------+----------+-------------------------------------------
     0 | D:1      | kae the Hill Orc Fighter began the quest for the Orb.
     0 | D:1      | Reached XP level 1. HP: 19/19 MP: 1/1
    71 | D:1      | Reached skill level 3 in Axes
    73 | D:1      | Reached XP level 2. HP: 23/27 MP: 2/2
   149 | D:1      | Reached XP level 3. HP: 27/33 MP: 3/3
   705 | D:2      | Found a faded altar of an unknown god.
   801 | D:2      | Reached XP level 4. HP: 38/40 MP: 4/4
   869 | D:2      | Reached skill level 1 in Dodging
   955 | D:2      | Reached skill level 4 in Axes
  1295 | D:2      | Found a white marble altar of Elyvilon.
  1601 | D:3      | Reached XP level 5. HP: 42/46 MP: 5/5
  1664 | D:3      | Noticed cirnu's ghost (amateur DsCK)
  2124 | D:3      | Found a radiant altar of Vehumet.
  2410 | D:3      | Found an iron altar of Okawaru.
  2661 | D:4      | Reached skill level 5 in Axes
  2858 | D:4      | Reached XP level 6. HP: 48/53 MP: 6/6
  3233 | D:4      | Reached skill level 5 in Armour
  3484 | D:4      | Reached XP level 7. HP: 48/60 MP: 7/7
  3586 | D:4      | Reached skill level 5 in Fighting
  3599 | D:4      | Reached skill level 6 in Axes
  3702 | D:4      | Found Muiteisu's Food Emporium.
  4036 | D:5      | Entered Level 5 of the Dungeon
  4224 | D:5      | Noticed Eustachio
  4227 | D:5      | Noticed Blork the orc
  4234 | D:5      | Killed Eustachio
  4241 | D:5      | Reached skill level 7 in Axes
  4247 | D:5      | Killed Blork the orc
  4247 | D:5      | Reached XP level 8. HP: 41/69 MP: 8/8
  4427 | D:5      | Found a glowing drain.
  4451 | Sewer    | Entered a sewer
  4874 | Sewer    | Reached skill level 8 in Axes
  5117 | D:5      | Noticed Menkaure
  5124 | D:5      | Killed Menkaure
  5124 | D:5      | Reached XP level 9. HP: 65/78 MP: 9/9
  5500 | D:6      | Found a staircase to the Ecumenical Temple.
  5506 | Temple   | Entered the Ecumenical Temple
  5688 | Temple   | Became a worshipper of Qazlal Stormbringer
  5788 | D:6      | Reached skill level 9 in Axes
  5788 | D:6      | Reached skill level 1 in Invocations
  5894 | D:6      | Reached skill level 1 in Evocations
  5903 | D:6      | Noticed Grinder
  5906 | D:6      | Paralysed by Grinder for 4 turns
  5929 | D:6      | Killed Grinder
  5938 | D:6      | Found an iron altar of Okawaru.
  5947 | D:6      | Found an ornate altar of the Wu Jian Council.
  5956 | D:6      | Found a hazy altar of Hepliaklqana.
  5959 | D:6      | Found a shattered altar of Ashenzari.
  6080 | D:6      | Reached * piety under Qazlal
  6124 | D:6      | Noticed Sigmund
  6133 | D:6      | Killed Sigmund
  6914 | D:6      | HP: 3/78 [poisoned by a water moccasin]
  7406 | D:7      | Noticed Joseph
  7426 | D:7      | Killed Joseph
  7735 | D:7      | Found a sparkling altar of Nemelex Xobeh.
  7800 | D:7      | Reached skill level 10 in Axes
  7835 | D:7      | Reached XP level 10. HP: 71/86 MP: 13/13
  7894 | D:7      | Found a shattered altar of Ashenzari.
  8329 | D:8      | Reached skill level 5 in Invocations
  8567 | D:8      | Noticed Psyche
  8570 | D:8      | Killed Psyche
  8627 | D:8      | Found a staircase to the Lair.
  8642 | D:8      | Reached ** piety under Qazlal
  8652 | D:8      | HP: 1/88 [porcupine (9)]
  8702 | D:8      | Noticed Prince Ribbit
  9063 | D:8      | Killed Prince Ribbit
  9729 | D:8      | Found Lipnap's Magic Scroll Shoppe.
  9873 | D:8      | Found a hide-covered altar of Uskayaw.
 10151 | D:8      | Bought a scroll of brand weapon for 280 gold pieces
 10151 | D:8      | Bought a scroll of identify for 28 gold pieces
 10151 | D:8      | Bought a scroll of enchant weapon for 105 gold pieces
 10167 | Lair:1   | Entered Level 1 of the Lair of Beasts
 10218 | Lair:1   | Reached skill level 11 in Axes
 10253 | Lair:1   | Noticed a spiny frog
 10267 | Lair:1   | Killed a spiny frog
 10268 | Lair:1   | Gained mutation: You possess an exceptional clarity of mind. [potion of mutation]
 10268 | Lair:1   | Gained mutation: Your flesh is cold resistant. (rC+) [potion of mutation]
 10268 | Lair:1   | Gained mutation: You have a somewhat thin skeletal structure. (Dex +2, Stealth) [potion of mutation]
 10268 | Lair:1   | HP: 4/88 [poisoned by a spiny frog]
 10282 | Lair:1   | HP: 6/132 [poisoned by a spiny frog]
 10632 | Lair:1   | Noticed a spiny frog
 10638 | Lair:1   | Killed a spiny frog
 10711 | Lair:1   | Noticed a spiny frog
 10719 | Lair:1   | Killed a spiny frog
 10719 | Lair:1   | Reached XP level 11. HP: 44/94 MP: 16/16
 10876 | Lair:1   | Noticed a five-headed hydra
 11024 | D:9      | Reached skill level 10 in Armour
 11298 | D:9      | Found a basalt altar of Yredelemnul.
 11301 | D:9      | Found a bloodstained altar of Trog.
 11327 | D:9      | Reached skill level 5 in Dodging
 11773 | D:9      | Found a deep blue altar of Sif Muna.
 12078 | D:10     | Entered Level 10 of the Dungeon
 12084 | D:10     | Noticed a two-headed ogre
 12091 | D:10     | Noticed Josephine
 12099 | D:9      | Killed a two-headed ogre
 12198 | D:10     | Noticed Grum
 12210 | D:10     | Reached *** piety under Qazlal
 12210 | D:10     | Reached skill level 12 in Axes
 12240 | D:10     | Killed Grum
 12244 | D:10     | Noticed a two-headed ogre
 12248 | D:10     | Noticed a centaur warrior
 12389 | D:10     | Slain by a two-headed ogre

Vault maps used:
D:1:      mrwooster_arrival_arrow
D:2:      elyvilon_altar_1, chequers_ecumenical_altar_simple,
          minmay_misc_feat_doors, hangedman_feature_mirror, st_stairs_2
D:3:      fiery_altar_vehumet, okawaru_metal_pillars_1_2
D:4:      first_bread, serial_shops, nicolae_shop_trees, grunt_decor_one_mirror
D:5:      portal_sewer_entry_b, uniq_blork_the_orc, uniq_menkaure,
          uniq_eustachio
D:6:      grunt_temple_overflow_cloverleaf, temple_statues, uniq_grinder,
          uniq_sigmund
D:7:      hangedman_feature_mirror, uniq_joseph
D:8:      eat_drink_and_be_merry_uskayaw, due_lair_maze_entry_diamond,
          serial_shops, nicolae_shop_crystal, blue_anna_alchemist, uniq_psyche,
          uniq_prince_ribbit1
D:9:      lemuel_blue_sif_altar, chequers_temple_overflow_statue_of_worship
D:10:     hiddenorc1_lemuel, uniq_josephine, uniq_snorg, uniq_grum
Temple:   minmay_temple_bridge_abc
Lair:1:   uniq_fannar
Sewer:    sewer_co_tree

Skill      XL: |  1  2  3  4  5  6  7  8  9 10 11 |
---------------+----------------------------------+-----
Axes           | 3 4 5 7 8 10 11 12 | 12.0
Fighting       | 4 5 6 7 8 |  8.6
Armour         | 4 5 6 7 8 9 10 | 10.5
Dodging        | 1 2 3 4 5 |  5.2
Invocations    | 4 7 8 |  8.6
Evocations     | 2 3 4 |  4.6
Shields        | |  3.3

Action                   |  1- 3 |  4- 6 |  7- 9 | 10-12 || total
-------------------------+-------+-------+-------+-------++-------
Melee: War axe           |    72 |   203 |   469 |   455 ||  1199
Invok: Upheaval          |       |       |       |     1 ||     1
Evoke: Wand              |       |       |       |     6 ||     6
  Use: Scroll            |       |     7 |     4 |    16 ||    27
       Potion            |       |       |     4 |    10 ||    14
  Eat: Chunk             |       |     9 |     9 |    14 ||    32
       Fruit             |       |       |     1 |     1 ||     2
       Bread ration      |       |       |     1 |       ||     1
Armor: Scale mail        |    43 |   108 |   204 |    79 ||   434
       Chain mail        |       |       |       |   122 ||   122
Dodge: Dodged            |    63 |   160 |   247 |   300 ||   770
Block: Shield            |     5 |       |       |       ||     5
       Other             |       |       |     4 |    53 ||    57

Table legend:
 A = Spawn XP
 B = Non-spawn XP
 C = Spawn XP percentage of total XP
 D = Spawn monster count
 E = Non-spawn monster count
 F = Spawn count percentage of total count
 G = Total turns spent on level
                    A         B        C        D         E        F      G
               +---------+---------+-------+---------+---------+-------+---------
         Total |       0 |   14480 |   0.0 |       0 |     299 |   0.0 | 12389
               +---------+---------+-------+---------+---------+-------+---------
           D:1 |       0 |      76 |   0.0 |       0 |      26 |   0.0 |   747
           D:2 |       0 |      87 |   0.0 |       0 |      16 |   0.0 |  1306
           D:3 |       0 |     105 |   0.0 |       0 |      25 |   0.0 |   882
           D:4 |       0 |     514 |   0.0 |       0 |      27 |   0.0 |  1101
           D:5 |       0 |     988 |   0.0 |       0 |      24 |   0.0 |   928
           D:6 |       0 |    1178 |   0.0 |       0 |      31 |   0.0 |  1462
           D:7 |       0 |    1376 |   0.0 |       0 |      21 |   0.0 |  1430
           D:8 |       0 |    3011 |   0.0 |       0 |      35 |   0.0 |  1726
           D:9 |       0 |    3664 |   0.0 |       0 |      29 |   0.0 |  1177
          D:10 |       0 |    1379 |   0.0 |       0 |      32 |   0.0 |   141
        Lair:1 |       0 |    1490 |   0.0 |       0 |       5 |   0.0 |   749
         Sewer |       0 |     612 |   0.0 |       0 |      28 |   0.0 |   536
               +---------+---------+-------+---------+---------+-------+---------
